 Dungeon Crawl Stone Soup version 0.31-a0-263-ge8cad7f256 (webtiles) character file.

Game seed: 11500552942650658591

546 pokeman the Magician (level 7, -1/40 HPs)
             Began as a Deep Elf Hedge Wizard on July 14, 2023.
             Succumbed to a water moccasin's poison
             ... on level 4 of the Dungeon.
             The game lasted 00:07:20 (4803 turns).

pokeman the Magician (Deep Elf Hedge Wizard)        Turns: 4803, Time: 00:07:21

Health: -1/40      AC:  3    Str: 13    XL:     7   Next: 6%
Magic:  4/20       EV: 13    Int: 21    God:
Gold:   177        SH:  0    Dex: 14    Spells: 13/21 levels left

rFire   . . .        s - +0 dagger (venom)
rCold   . . .        (no shield)
rNeg    . . .        b - +0 robe
rPois   .            n - +0 helmet
rElec   .            (no cloak)
rCorr   .            (no gloves)
SInv    .            (no boots)
Will    .....        (no amulet)
Stlth   ++           h - +6 ring of strength
HPRegen 0.26/turn    (no ring)
MPRegen 0.17/turn

%: no passive effects
@: lethally poisoned (-1 -> -20), on blink cooldown, hasted, very quick
A: no striking features
a: no special abilities


You were on level 4 of the Dungeon.
You visited 1 branch of the dungeon, and saw 5 of its levels.

You collected 177 gold pieces.

Inventory:

Hand Weapons
 s - a +0 dagger of venom (weapon)
Armour
 b - a +0 robe (worn)
 n - a +0 helmet (worn)
Magical Staves
 o - a staff of earth
Jewellery
 h - a +6 ring of strength (left hand)
Wands
 a - a wand of flame (17)
Scrolls
 e - 3 scrolls of enchant weapon {unknown}
 f - 3 scrolls of identify {unknown}
 g - a scroll of poison {unknown}
 k - a scroll of blinking {unknown}
 l - a scroll of revelation {unknown}
Potions
 d - a potion of magic
 i - a potion of curing {unknown}
 j - a potion of mutation {unknown}
 m - a potion of heal wounds {unknown}


   Skills:
 - Level 2.0 Fighting
 + Level 1.1 Armour
 - Level 3.0 Dodging
 - Level 3.1 Stealth
 * Level 7.7 Spellcasting
 + Level 3.8 Conjurations
 - Level 1.1 Summonings
 - Level 1.1 Translocations
 - Level 1.0 Air Magic
 + Level 0.0 Earth Magic
 - Level 1.0 Poison Magic
 - Level 1.0 Evocations


You had 13 spell levels left.
You knew the following spells:

 Your Spells              Type           Power      Damage    Failure   Level
a - Magic Dart            Conj           96%        1d7       1%          1
b - Mephitic Cloud        Conj/Pois/Air  16%        N/A       11%         3
c - Call Imp              Summ           24%        N/A       8%          2
d - Blink                 Tloc           24%        N/A       8%          2

Your spell library contained the following spells:

 Spells                   Type           Power      Damage    Failure   Level
 Apportation              Tloc           24%        N/A       5%          1
 Summon Small Mammal      Summ           48%        N/A       5%          1
 Necrotise                Necr           32%        1d5       9%          1
 Slow                     Hex            32%        N/A       9%          1
 Cigotuvi's Dreadful Rot  Necr/Pois/Air  22%        N/A       10%         2
 Inner Flame              Hex/Fire       8%         N/A       24%         3
 Animate Dead             Necr           8%         N/A       63%         4
 Borgnjor's Vile Clutch   Necr/Erth      4%         N/A       92%         5
 Yara's Violent Unravell  Hex/Tmut       4%         3d4       92%         5
 Death Channel            Necr           4%         N/A       100%        6
 Enfeeble                 Hex            4%         N/A       100%        7


Dungeon Overview and Level Annotations

Branches:
Dungeon (5/15)
 Temple: D:4-7

Altars:

Annotations:
D:3 2 runed translucent doors, cforsyth's ghost, amateur OgSh


Message History

Your cerulean imp hits the water moccasin from afar with a -3 spear.
Casting: Magic Dart (safe; 1% risk of failure)
Confirm with . or Enter, or press ? or * to list all spells.
Aiming: Magic Dart (safe; 1% risk of failure)
Press: ? - help, Shift-Dir - straight line, f/p - water moccasin
Aim: a water moccasin (severely wounded, ally target, 100% to hit)
The magic dart hits the water moccasin.
The water moccasin is almost dead.
You feel very sick. The water moccasin misses you.
Your cerulean imp hits the water moccasin from afar with a -3 spear.
Casting: Magic Dart (safe; 1% risk of failure)
Confirm with . or Enter, or press ? or * to list all spells.
You blink.
You feel sick. The water moccasin bites you.
* * * LOW HITPOINT WARNING * * *
Unknown command.
Casting: Blink (safe; 8% risk of failure)
Confirm with . or Enter, or press ? or * to list all spells.
Aiming: Magic Dart (safe; 1% risk of failure)
Press: ? - help, Shift-Dir - straight line, f/p - water moccasin
Aim: a water moccasin (almost dead, 100% to hit)
The magic dart hits the water moccasin.
The water moccasin is almost dead.
You feel sick. The water moccasin closely misses you.
Unknown command.
Casting: Magic Dart (safe; 1% risk of failure)
Confirm with . or Enter, or press ? or * to list all spells.
Aiming: Magic Dart (safe; 1% risk of failure)
Press: ? - help, Shift-Dir - straight line, f/p - water moccasin
Aim: a water moccasin (almost dead, ally target, 100% to hit)
The magic dart hits the water moccasin.
The water moccasin is almost dead.
You feel sick. The water moccasin barely misses you.
Your cerulean imp misses the water moccasin.
The water moccasin bites you.
* * * LOW HITPOINT WARNING * * *
You are more poisoned.
The water moccasin poisons you!
It was a potion of haste.
You feel yourself speed up.
You die...

.......##...#.....#..#..#..#...#
..####..>...#..#.#..#..#..#..#.#
..# ###.#..#..#...#..#..#..#..#
..# #.#..#..#..#..#..#..#...#
..# #.#..)..#.#..#..#..#..#.#
..# #.#.##.#................#
..# #....#....#..######...###
..# ###..##<...#.# ##.## ###
#..###.@.#.# ###..#
#.......S#.####...##
##.##....5.5.##.###
#.##.###.##.##.#
#........##....#
#####....#####.# ####.#####.#
#...†...# #########


You could see a water moccasin (ally target) and a friendly cerulean imp
(summoned).

Vanquished Creatures
  An ogre (D:4)
  A scorpion (D:3)
  A hound (D:4)
  2 orc priests
  An iguana (D:3)
  3 orc wizards
  Terence (D:3)
  Robin (D:3)
  5 adders
  4 worms
  2 dart slugs
  11 orcs
  8 ball pythons
  8 endoplasms
  A giant cockroach (D:3)
  7 hobgoblins
  3 jackals (D:3)
  2 kobolds
  6 quokkas
  5 bats
  3 frilled lizards
  15 goblins
  7 rats
98 creatures vanquished.

Vanquished Creatures (collateral kills)
  An orc wizard (D:2)
1 creature vanquished.

Grand Total: 99 creatures vanquished

Notes
Turn   | Place    | Note
-------+----------+-------------------------------------------
     0 | D:1      | pokeman the Deep Elf Hedge Wizard began the quest for the
                  | Orb.
     0 | D:1      | Reached XP level 1. HP: 10/10 MP: 7/7
   500 | D:1      | Found a faded altar of an unknown god.
   589 | D:1      | Reached XP level 2. HP: 9/16 MP: 4/9
  1537 | D:2      | Reached skill level 5 in Spellcasting
  1656 | D:2      | Reached XP level 3. HP: 20/20 MP: 0/11
  1660 | D:2      | Learned a level 3 spell: Mephitic Cloud
  1663 | D:2      | Learned a level 2 spell: Call Imp
  1666 | D:2      | Learned a level 2 spell: Blink
  1798 | D:2      | Reached skill level 1 in Fighting
  1798 | D:2      | Reached skill level 1 in Armour
  1963 | D:2      | Reached XP level 4. HP: 25/25 MP: 4/13
  2381 | D:3      | Found a runed translucent door.
  2388 | D:3      | Noticed cforsyth's ghost (amateur OgSh)
  2584 | D:3      | Found a runed translucent door.
  2585 | D:3      | Reached skill level 6 in Spellcasting
  2585 | D:3      | Reached XP level 5. HP: 23/29 MP: 5/15
  2597 | D:3      | Noticed Terence
  2617 | D:3      | Killed Terence
  3052 | D:3      | Noticed Robin
  3059 | D:3      | Reached skill level 1 in Evocations
  3061 | D:3      | Reached skill level 1 in Poison Magic
  3079 | D:3      | Reached skill level 1 in Air Magic
  3091 | D:3      | Killed Robin
  3404 | D:3      | Reached XP level 6. HP: 34/34 MP: 10/17
  4030 | D:4      | Reached skill level 7 in Spellcasting
  4554 | D:4      | Reached XP level 7. HP: 40/40 MP: 16/20
  4760 | D:5      | Entered Level 5 of the Dungeon
  4802 | D:4      | HP: 2/40 [water moccasin (4)]
  4803 | D:4      | Succumbed to a water moccasin's poison

Illustrated notes

Levels and vault maps discovered:
D:1:      minmay_arrival_wavy_path, layout_basic,
          shapermc_ecumenical_altar_mp_ritualfount, hangedman_glass_teeth
D:2:      layout_basic
D:3:      layout_basic, ebering_ghost_sewer_f, uniq_robin, uniq_terence
D:4:      layout_basic, minmay_misc_feat_diagonals, minmay_misc_feat_tiny
D:5:      minmay_thinvault, layout_basic, minmay_temple_entry_grid,
          lightli_ossuary_entry_decrepit_ruins, nicolae_twisty_statue_hallways

Skill      XL: |  1  2  3  4  5  6 |
---------------+-------------------+-----
Spellcasting   | 5 6 7 |  7.7
Fighting       | 1 2 |  2.0
Armour         | 1 |  1.1
Conjurations   | 2 3 |  3.8
Dodging        | 3 |  3.0
Stealth        | 3 |  3.1
Evocations     | 1 |  1.0
Poison Magic   | 1 |  1.0
Air Magic      | 1 |  1.0
Summonings     | |  1.1
Translocations | |  1.1

Action                     |  1- 3 |  4- 6 |  7- 9 || total
---------------------------+-------+-------+-------++-------
  Melee: Dagger            |     9 |    82 |     4 ||    95
         Punch             |       |     1 |       ||     1
   Cast: Magic Dart        |    87 |   105 |    19 ||   211
         Mephitic Cloud    |     1 |    11 |       ||    12
         Call Imp          |     1 |       |     2 ||     3
         Blink             |       |       |     2 ||     2
    Use: Potion            |       |       |     1 ||     1
   Stab: Confused          |       |     6 |       ||     6
 Armour: Robe              |     2 |     8 |       ||    10
  Dodge: Dodged            |     3 |    70 |    17 ||    90

Table legend: (Time is in decaauts)
 A = Elapsed time spent in this place.
 B = Non-inter-level travel time spent in this place.
 C = Inter-level travel time spent in this place.
 D = Time resting spent in this place.
 E = Time spent auto-exploring this place.
 F = Levels seen in this place.
 G = Mean time per level.
                   A        B        C        D        E       F      G
               +--------+--------+--------+--------+--------+-----+--------+
         Total |   4803 |   4645 |    158 |    168 |   3830 |   5 |  960.6 |
       Dungeon |   4803 |   4645 |    158 |    168 |   3830 |   5 |  960.6 |
               +--------+--------+--------+--------+--------+-----+--------+

Top non-repeatable levels by time:
     D:3: 1609 daAuts
     D:1: 1352 daAuts
     D:2: 944 daAuts
     D:4: 883 daAuts
     D:5: 13 daAuts
